 Dungeon Crawl Stone Soup version 0.24.0-7-gb3623d2c88 (webtiles) character file.

Game seed: 4324374162499519831, levelgen mode: deterministic

2225475 Xantor the Hoplite (level 27, 293/293 HPs)
             Began as a Demonspawn Fighter on Nov 1, 2019.
             Was the Champion of Makhleb.
             Escaped with the Orb
             ... and 4 runes on Nov 2, 2019!
             The game lasted 08:35:40 (80123 turns).

Xantor the Hoplite (Demonspawn Fighter)            Turns: 80123, Time: 08:35:40

Health: 293/293    AC: 35    Str: 26    XL:     27
Magic:  39/39      EV: 26    Int: 11    God:    Makhleb [******]
Gold:   3733       SH: 30    Dex: 19    Spells: 35/42 levels left

rFire    + + +     SeeInvis +   a - +9 demon blade (flame)
rCold    + . .     Gourm    .   Z - +2 large shield {AC+3}
rNeg     + + .     Faith    .   q - +8 plate armour {rF+}
rPois    +         Spirit   +   (helmet restricted)
rElec    +         Reflect  +   E - +2 cloak {rPois}
rCorr    +         Harm     .   W - +0 pair of gloves of the Hidden Vale {rF++ Regen+ rCorr}
MR       +++++                  (boots unavailable)
Stlth    ..........             V - amulet "Wuihif" {Reflect rN+ MR+ SH+2 SInv}
HPRegen  0.98/turn              e - ring "Ziab" {rN+ MR++ EV+2}
MPRegen  0.52/turn              z - ring of Qulir {rElec rC+ rCorr Dex+2 Stlth-}

@: no status effects
A: antennae 1, talons 3, agile 1, deterioration 2, foul stench 2, high mp 1,
poison resistance, robust 3, magic shield, magic regeneration, magic link, rot
immunity, sturdy frame 3
0: Orb of Zot
}: 4/15 runes: serpentine, barnacled, slimy, silver
a: Minor Destruction, Lesser Servant of Makhleb, Major Destruction, Greater
Servant of Makhleb, Renounce Religion


You escaped.
You worshipped Makhleb.
Makhleb was exalted by your worship.
You were not hungry.

You visited 12 branches of the dungeon, and saw 58 of its levels.
You visited the Abyss 1 time.
You also visited: Ossuary, Bailey and Wizlab.

You collected 10383 gold pieces.
You spent 6650 gold pieces at shops.

Inventory:

Hand Weapons
 a - a +9 demon blade of flaming (weapon)
Armour
 q - a +8 plate armour of fire resistance (worn)
 E - a +2 cloak of poison resistance (worn)
 S - a +0 helmet of see invisible
 W - the +0 pair of gloves of the Hidden Vale (worn) {rF++ Regen+ rCorr}
   (You found it on level 3 of the Crypt)

   It greatly protects you from fire.
   It increases your rate of regeneration.
   It provides partial protection from all sources of acid and corrosion.
 Z - a +2 large shield of protection (worn)
Jewellery
 e - the ring "Ziab" (left hand) {rN+ MR++ EV+2}
   (You took it off a moon troll in a wizard's laboratory)

   [ring of evasion]

   It affects your evasion (+2).
   It protects you from negative energy.
   It affects your resistance to hostile enchantments.
 z - the ring of Qulir (right hand) {rElec rC+ rCorr Dex+2 Stlth-}
   (You bought it in a shop on level 12 of the Dungeon)

   [ring of resist corrosion]

   It affects your dexterity (+2).
   It protects you from cold.
   It insulates you from electricity.
   It provides partial protection from all sources of acid and corrosion.
   It makes you less stealthy.
 V - the amulet "Wuihif" (around neck) {Reflect rN+ MR+ SH+2 SInv}
   (You bought it in a shop on level 2 of the Depths)

   [amulet of reflection]

   It shields you and reflects attacks.
   It protects you from negative energy.
   It affects your resistance to hostile enchantments.
   It lets you see invisible.
   It affects your SH (+2).
Wands
 g - a wand of disintegration (38)
 v - a wand of iceblast (69)
 A - a wand of digging (16)
 D - a wand of enslavement (9)
 L - a wand of clouds (7)
 P - a wand of acid (27)
 R - a wand of paralysis (42)
 T - a wand of scattershot (11)
Scrolls
 b - 12 scrolls of identify
 h - 7 scrolls of fog
 i - 11 scrolls of blinking
 o - 12 scrolls of immolation
 p - 3 scrolls of magic mapping
 s - 23 scrolls of remove curse
 u - 23 scrolls of teleportation
 I - 12 scrolls of fear
 N - 3 scrolls of summoning
 O - 5 scrolls of vulnerability
 Y - 4 scrolls of silence
Potions
 c - 8 potions of heal wounds
 d - 3 potions of resistance
 j - 4 potions of magic
 k - 18 potions of curing
 l - a potion of berserk rage
 m - 8 potions of might
 n - 7 potions of mutation
 t - 13 potions of lignification
 C - a potion of cancellation
 F - 3 potions of agility
 K - 4 potions of ambrosia
 M - 4 potions of invisibility
 U - 6 potions of brilliance
 X - 8 potions of flight
Miscellaneous
 w - a lightning rod (4/4)
 x - a fan of gales
 y - a phial of floods
 B - 3 boxes of beasts
 H - 2 sacks of spiders
Comestibles
 f - 86 rations


   Skills:
 + Level 20.5 Fighting
 - Level 18.0 Long Blades
 + Level 18.9 Armour
 + Level 18.2 Dodging
 - Level 1.3 Stealth
 - Level 25.0 Shields
 - Level 8.0 Spellcasting
 - Level 7.0 Charms
 - Level 10.0 Necromancy
 - Level 17.1 Invocations
 - Level 15.0 Evocations


You had 35 spell levels left.
You knew the following spells:

 Your Spells              Type           Power        Failure   Level  Hunger
a - Infusion              Chrm           ###.         1%          1    None
b - Regeneration          Chrm/Necr      ###.......   3%          3    ###....
c - Vampiric Draining     Necr           ####......   1%          3    ###....

Your spell library contained the following spells:

 Spells                   Type           Power        Failure   Level  Hunger
 Animate Skeleton         Necr           N/A          1%          1    None
 Pain                     Necr           ####         1%          1    None
 Corpse Rot               Necr           N/A          1%          2    #......
 Sublimation of Blood     Necr           ####......   1%          2    #......
 Song of Slaying          Chrm           ###.....     2%          2    #......
 Animate Dead             Necr           N/A          5%          4    ####...
 Shroud of Golubria       Chrm/Tloc      ##....       12%         2    #......
 Swiftness                Chrm/Air       ##......     12%         2    #......
 Agony                    Necr           ####....     14%         5    ######.
 Dispel Undead            Necr           ####....     14%         5    ######.
 Ozocubu's Armour         Chrm/Ice       ##......     22%         3    ###....
 Spectral Weapon          Hex/Chrm       ##......     22%         3    ###....
 Excruciating Wounds      Chrm/Necr      ###.......   26%         5    ######.
 Apportation              Tloc           #.....       32%         1    None
 Beastly Appendage        Tmut           #.....       32%         1    None
 Confusing Touch          Hex            #.....       32%         1    None
 Flame Tongue             Conj/Fire      #....        32%         1    None
 Freeze                   Ice            #...         32%         1    None
 Magic Dart               Conj           #...         32%         1    None
 Summon Butterflies       Summ           #.......     32%         1    None
 Summon Small Mammal      Summ           #...         32%         1    None
 Call Imp                 Summ           #.......     43%         2    #......
 Passwall                 Tmut/Erth      #.......     43%         2    #......
 Searing Ray              Conj           #.....       43%         2    #......
 Slow                     Hex            #.......     43%         2    #......
 Throw Frost              Conj/Ice       #.....       43%         2    #......
 Death Channel            Necr           ####......   63%         6    #######
 Call Canine Familiar     Summ           #.......     67%         3    ###....
 Confuse                  Hex            #.......     67%         3    ###....
 Dazzling Spray           Conj/Hex       #.....       67%         3    ###....
 Gell's Gravitas          Tloc           #.........   67%         3    ###....
 Mephitic Cloud           Conj/Pois/Air  #.......     67%         3    ###....
 Portal Projectile        Hex/Tloc       #.....       67%         3    ###....
 Recall                   Summ/Tloc      N/A          67%         3    ###....
 Static Discharge         Conj/Air       #.......     67%         3    ###....
 Summon Guardian Golem    Hex/Summ       #.......     67%         3    ###....
 Tukima's Dance           Hex            #.......     67%         3    ###....
 Bolt of Draining         Conj/Necr      ###.......   75%         5    ######.
 Borgnjor's Vile Clutch   Necr/Erth      ###.......   75%         5    ######.
 Iskenderun's Battlesphe  Conj/Chrm      ##......     91%         5    ######.
 Cause Fear               Hex            #.........   97%         4    ####...
 Force Lance              Conj/Tloc      #.......     97%         4    ####...
 Fulminant Prism          Conj/Hex       #.........   97%         4    ####...
 Iskenderun's Mystic Bla  Conj           #.......     97%         4    ####...
 Leda's Liquefaction      Hex/Erth       #.........   97%         4    ####...
 Petrify                  Tmut/Erth      #.......     97%         4    ####...
 Summon Ice Beast         Ice/Summ       #.......     97%         4    ####...
 Summon Lightning Spire   Summ/Air       #.......     97%         4    ####...
 Throw Icicle             Conj/Ice       #.......     97%         4    ####...
 Simulacrum               Ice/Necr       ###.......   99%         6    #######
 Bolt of Magma            Conj/Fire/Erth #.........   100%        5    ######.
 Irradiate                Conj/Tmut      #.........   100%        5    ######.
 Lee's Rapid Deconstruct  Erth           #.........   100%        5    ######.
 Lightning Bolt           Conj/Air       #.........   100%        5    ######.
 Metabolic Englaciation   Hex/Ice        #.........   100%        5    ######.
 Silence                  Hex/Air        #.........   100%        5    ######.
 Summon Mana Viper        Hex/Summ       #.......     100%        5    ######.
 Venom Bolt               Conj/Pois      #.........   100%        5    ######.
 Yara's Violent Unravell  Hex/Tmut       #.........   100%        5    ######.
 Bolt of Fire             Conj/Fire      #.........   100%        6    #######
 Conjure Ball Lightning   Conj/Air       #.........   100%        6    #######
 Darkness                 Hex            #.........   100%        6    #######
 Deflect Missiles         Chrm/Air       ##........   100%        6    #######
 Hydra Form               Tmut           #.........   100%        6    #######
 Invisibility             Hex            #.......     100%        6    #######
 Iron Shot                Conj/Erth      #.........   100%        6    #######
 Poison Arrow             Conj/Pois      #.........   100%        6    #######
 Statue Form              Tmut/Erth      #........    100%        6    #######
 Dragon Form              Tmut           #.........   100%        7    #######
 Haunt                    Necr/Summ      ###.......   100%        7    #######
 Orb of Destruction       Conj           #.........   100%        7    #######
 Spellforged Servitor     Conj/Summ      #.........   100%        7    #######
 Summon Hydra             Summ           #.........   100%        7    #######
 Borgnjor's Revivificati  Necr           ####......   100%        8    #######
 Chain Lightning          Conj/Air       #.........   100%        8    #######
 Death's Door             Chrm/Necr      ###.......   100%        8    #######
 Discord                  Hex            #.........   100%        8    #######
 Ignition                 Fire           #.........   100%        8    #######
 Infestation              Necr           ####......   100%        8    #######
 Lehudib's Crystal Spear  Conj/Erth      #.........   100%        8    #######
 Necromutation            Tmut/Necr      ###.......   100%        8    #######
 Fire Storm               Conj/Fire      #.........   100%        9    #######
 Glaciate                 Conj/Ice       #.........   100%        9    #######
 Shatter                  Erth           #.........   100%        9    #######
 Tornado                  Air            #.........   100%        9    #######
 Passage of Golubria      Tloc           Unusable     N/A         4    N/A

Dungeon Overview and Level Annotations

Branches:
Dungeon (15/15)            Temple (1/1) D:6            Lair (6/6) D:8
 Shoals (4/4) Lair:2        Snake (4/4) Lair:2        Slime (5/5) Lair:5
    Orc (2/2) D:12            Elf (3/3) Orc:2        Vaults (5/5) D:13
  Crypt (3/3) Vaults:3       Tomb (0/3) Crypt:3      Depths (5/5) D:15
    Zot (5/5) Depths:5    Ossuary (visited)          Bailey (visited)
 WizLab (visited)

Altars:
Ashenzari
Cheibriados
Dithmenos
Elyvilon
Fedhas
Gozag
Hepliaklqana
Kikubaaqudgha
Makhleb
Nemelex Xobeh
Okawaru
Qazlal
Ru
Sif Muna
Trog
Uskayaw
Vehumet
Wu Jian
Xom
Yredelemnul
Zin
The Shining One
Beogh

Shops:
D:5 %   D:7 *   D:12 =   Orc:2 [*(:(   Elf:2 %?%:   Elf:3 (   Snake:2 *}%(
Vaults:1 (   Vaults:5 !!%   Depths:2 ===}   Depths:3 =

Portals:
Hell: Depths:1 Depths:2 Depths:3 Depths:4 Depths:5
Abyss: Depths:4
Pandemonium: Depths:3 Depths:4 Depths:5
Ziggurat: Depths:1


Innate Abilities, Weirdness & Mutations

You have claws for feet.
You frequently emit foul miasma when damaged in melee.
You are extremely robust. (+30% HP)
When hurt, damage is shared between your health and your magic reserves.
You regenerate magic rapidly.
When low on magic, you restore magic in place of health.
You are immune to rotting.
Your movements are significantly less encumbered by armour. (ER -6)
You have a pair of small antennae on your head.
You are agile. (Dex +2)
Your body often deteriorates upon taking damage.
You have an increased reservoir of magic. (+10% MP)
Your system is resistant to poisons. (rPois)


Message History

The Orb Guardian is poisoned.
The Orb Guardian completely misses you.
You slice the Orb Guardian!! You burn the Orb Guardian.
You claw the Orb Guardian!
You kill the Orb Guardian!
Makhleb accepts your kill.
You feel better.
You climb upwards.
There is a stone staircase leading down here.
Magic restored.
You climb downwards.
There is a stone staircase leading up, spattered with blood here.
There is an open door here.
There is an escape hatch in the ceiling here.
A mysterious force pulls you upwards. The hatch slams shut behind you.
A Brimstone Fiend comes into view.
The Brimstone Fiend moves out of view.
There is an open door here.
There is an open door here.
There is a staircase leading out of the dungeon here.
You have escaped!

#.#.##.............#.##..#
#...##.....#####1#.#.....#
############ #.#......##
###########'###########
#........#8.8#........#
#........#...#........#
#...⌠....##'##....⌠...#
##...................##
######....@....######
##.......## #########


You could see a Brimstone Fiend.

Vanquished Creatures
  the Royal Jelly (Slime:5)
  7 orbs of fire
  8 ancient liches
  The ghost of Flapstick the Slayer, a legendary HaBe of Trog (Zot:3)
  2 Killer Klowns (Zot:5)
  Frederick (Depths:5)
  Bai Suzhen (Crypt:2)
  A shard shrike (shapeshifter) (Depths:4)
  A pandemonium lord (Depths:2)
  2 curse toes
  Nikola (Depths:2)
  9 golden dragons
  A profane servitor (D:4)
  A Brimstone Fiend (Depths:5)
  An electric golem (Zot:2)
  A Tzitzimitl (Depths:2)
  6 liches
  Jorgrun (Snake:2)
  Asterion (Snake:4)
  4 deep elf blademasters
  26 Orb Guardians
  11 tentacled monstrosities
  29 acid blobs
  4 quicksilver dragons
  3 deep elf master archers (Elf:3)
  5 titans
  An Executioner (D:10)
  4 death cobs
  6 sphinxes
  3 tentacled starspawn (WizLab)
  12 storm dragons
  Frances (D:14)
  5 ancient champions (Crypt:1)
  A shadow dragon (shapeshifter) (Depths:4)
  13 shadow dragons
  Roxanne (D:14)
  3 revenants
  8 draconian monks
  7 tengu reavers
  7 nagarajas
  13 azure jellies
  3 fire giants
  12 vault wardens
  17 frost giants
  2 iron dragons
  An iron dragon (shapeshifter) (Depths:4)
  6 ghost moths
  4 deep elf sorcerers
  4 draconian scorchers
  4 deep elf elementalists (Elf:3)
  A cacodemon (WizLab)
  Aizul (Snake:2)
  A balrug (Depths:5)
  6 draconian knights
  4 draconian shifters
  5 curse skulls
  6 ghouls
  Louise (Elf:1)
  3 draconian stormcallers (Zot:1)
  7 ironheart preservers
  24 stone giants
  11 draconian annihilators
  2 reapers (Crypt:3)
  23 very ugly things
  2 entropy weavers (Vaults:4)
  8 deep elf demonologists
  4 vampire knights
  6 war gargoyles
  Nessos (Lair:6)
  10 green draconians
  7 black draconians
  8 yellow draconians
  10 deep elf annihilators
  10 purple draconians
  A lorocyproca (Depths:4)
  3 spark wasps (Depths:4)
  13 red draconians
  12 white draconians
  A dire elephant (shapeshifter) (Vaults:5)
  3 merfolk javelineers
  10 eidola
  11 death oozes
  17 ettins
  A mummy priest (Crypt:3)
  16 yaktaur captains
  2 crystal guardians
  A quicksilver dragon zombie (Crypt:3)
  7 merfolk impalers
  4 deep elf death magi
  9 jiangshi
  11 fire dragons
  14 great orbs of eyes
  4 hydras
  6 ice dragons
  A rakshasa (Depths:3)
  9 spriggan air magi
  4 deep elf high priests
  11 naga warriors
  An anaconda (shapeshifter) (Depths:4)
  A quicksilver dragon skeleton (Crypt:3)
  A juggernaut simulacrum (Depths:4)
  35 vault guards
  A hydra (shapeshifter) (Vaults:5)
  Erolcha (D:9)
  20 centaur warriors
  2 alligator snapping turtles (Shoals:4)
  4 merfolk aquamancers
  60 two-headed ogres
  4 merfolk avatars
  18 ogre magi
  3 satyrs
  3 catoblepae (Lair:6)
  29 dancing weapons
  5 death knights
  11 anacondas
  14 death yaks
  11 deep troll earth magi
  4 vampire magi
  3 deep troll shamans
  A titan zombie (Crypt:3)
  11 soul eaters
  25 deep elf knights
  2 orc high priests
  5 shock serpents
  Urug (Orc:2)
  7 naga sharpshooters
  5 hell knights
  A thrashing horror (Abyss:3)
  2 spriggan berserkers
  A sun demon (Depths:5)
  11 skeletal warriors (Crypt:1)
  Nergalle (D:10)
  A wretched star (WizLab)
  A sixfirhy (D:4)
  A titan skeleton (Crypt:3)
  2 shadow wraiths
  4 salamander mystics
  3 iron trolls (Depths:2)
  An anaconda zombie (Crypt:3)
  A glowing orange brain (shapeshifter) (Depths:4)
  16 sea snakes
  A golden dragon zombie (Crypt:3)
  A storm dragon skeleton (Crypt:3)
  6 unseen horrors
  2 shadow demons
  4 wizards
  A death drake (Depths:5)
  A death drake (shapeshifter) (Vaults:5)
  10 glowing orange brains
  A torturous demonspawn (Depths:5)
  2 flayed ghosts
  An obsidian statue (D:9)
  Pikel (D:9)
  20 deep trolls
  A harpy (shapeshifter) (D:15)
  7 ironbrand convokers
  5 lindwurms (Depths:5)
  4 naga ritualists
  14 deep elf archers
  A lindwurm (shapeshifter) (Depths:5)
  5 harpies (Shoals:4)
  14 orc knights
  10 phantasmal warriors
  4 mana vipers
  6 cyclopes
  60 deep elf magi
  14 necromancers
  14 manticores
  A frost giant zombie (Depths:1)
  6 fire giant zombies
  26 ugly things
  4 orc sorcerers
  7 shining eyes
  9 wolf spiders
  A cyclops (shapeshifter) (Elf:1)
  A salamander (shapeshifter) (Depths:1)
  An iron dragon skeleton (Crypt:3)
  2 iron dragon zombies (Crypt:3)
  A wolf spider zombie (D:14)
  13 fauns (Shoals:3)
  9 salamanders
  9 guardian serpents
  22 moths of wrath
  24 naga magi
  2 black mambas (shapeshifter)
  9 eyes of devastation
  2 centaur zombies
  3 frost giant skeletons (Crypt:3)
  Joseph (D:9)
  An orange demon (Depths:5)
  38 black mambas
  Psyche (D:8)
  24 vault sentinels
  8 merfolk sirens
  6 centaur skeletons
  5 spiny frogs
  A toenail golem (D:9)
  A rust devil (Depths:2)
  A smoke demon (Depths:2)
  A torpor snail (Lair:4)
  A catoblepas zombie (Crypt:3)
  3 water nymphs
  2 rime drakes
  3 gargoyles
  2 kobold demonologists (D:11)
  A demonic crawler (Zot:2)
  4 starcursed masses (WizLab)
  6 komodo dragons
  A death yak zombie (Crypt:1)
  A yaktaur (shapeshifter) (Depths:3)
  13 hellwings (Crypt:3)
  44 yaktaurs
  13 freezing wraiths
  10 trolls
  A meliai (shapeshifter) (Vaults:1)
  A red devil (Depths:5)
  32 merfolk
  2 queen bees (shapeshifter)
  An ice devil (Zot:5)
  Grinder (D:2)
  A jumping spider (shapeshifter) (Vaults:4)
  3 jumping spiders
  A merfolk (shapeshifter) (Depths:4)
  A hornet (Vaults:4)
  A wind drake (shapeshifter) (Vaults:1)
  2 wind drakes
  3 polar bears
  Prince Ribbit (D:8)
  5 dream sheep
  78 slime creatures
  13 hippogriffs
  8 blink frogs
  A stone giant simulacrum (Vaults:1)
  An ice dragon zombie (Crypt:3)
  2 bog bodies (Crypt:2)
  A dream sheep (shapeshifter) (Vaults:3)
  2 snapping turtles (shapeshifter)
  14 snapping turtles
  A fire dragon skeleton (Crypt:3)
  4 air elementals
  A spriggan (shapeshifter) (Vaults:3)
  6 redbacks
  12 water elementals
  3 ice dragon skeletons
  A redback (shapeshifter) (Vaults:3)
  15 wraiths
  6 basilisks
  A golden eye (shapeshifter) (Vaults:2)
  9 fire elementals
  2 black mamba skeletons
  11 golden eyes
  61 yaks
  A hungry ghost (D:13)
  Grum (D:10)
  2 wyverns
  12 vampire mosquitoes
  3 neqoxecs
  52 nagas
  A human zombie (Depths:1)
  2 wargs
  2 soldier ants (shapeshifter)
  A water moccasin (shapeshifter) (Elf:2)
  10 water moccasins
  5 acid dragons
  A torturous demonspawn zombie (Crypt:3)
  A floating eye (shapeshifter) (Vaults:5)
  A floating eye (Slime:3)
  A spiny frog zombie (Crypt:1)
  A hydra simulacrum (Depths:4)
  11 porcupines
  3 swamp drakes (Depths:5)
  2 black bears (shapeshifter)
  49 orc warriors
  4 sky beasts
  8 eyes of draining
  3 black bears
  2 phantoms
  3 necrophages (Crypt:2)
  4 ice beasts
  2 slaves (D:9)
  A snapping turtle skeleton (Crypt:2)
  A dream sheep zombie (Crypt:1)
  49 ogres
  16 boggarts
  39 centaurs
  13 wolves
  8 crocodiles
  Blork the orc (D:6)
  8 big kobolds
  A fire crab zombie (Crypt:2)
  22 bullfrogs
  An earth elemental (Elf:1)
  A wyvern zombie (D:13)
  9 wyvern skeletons
  5 scorpions
  9 killer bees (D:10)
  3 wights (D:10)
  A yak skeleton (Crypt:2)
  9 howler monkeys
  A polar bear skeleton (Crypt:1)
  An electric eel (Snake:4)
  8 crimson imps
  2 quasits
  12 jellies
  23 orc priests
  A bullfrog zombie (D:8)
  A gnoll shaman (Orc:1)
  7 hounds
  3 bullfrog skeletons
  An iron imp (Depths:1)
  5 iguanas
  A yak simulacrum (Lair:6)
  30 orc wizards
  11 worker ants
  4 polar bear simulacra (Lair:6)
  4 wolf simulacra (Lair:6)
  9 mummies
  3 worker ant zombies
  Robin (D:2)
  12 adders
  21 gnolls
  8 shadow imps
  2 white imps (Depths:5)
  3 oozes
  An adder zombie (D:7)
  3 adder skeletons
  4 dart slugs
  5 leopard geckos
  101 orcs
  3 bats
  5 giant cockroaches
  21 goblins
  5 hobgoblins
  10 jackals
  17 kobolds
  4 quokkas
  4 frilled lizards
  A frilled lizard zombie (Crypt:2)
  4 gnoll zombies
  A hobgoblin skeleton (Crypt:1)
  3 hobgoblin zombies (Ossuary)
  A jackal skeleton (Crypt:2)
  A kobold zombie (Ossuary)
  An orc zombie (Ossuary)
  A quokka skeleton (D:6)
  5 rats
  2 river rat simulacra (Lair:6)
  2 crawling corpses (Elf:1)
  2 demonic plants (WizLab)
  A fungus (Lair:5)
  A plant (Snake:4)
  A starspawn tentacle (WizLab)
  6 withered plants (Crypt:3)
2571 creatures vanquished.

Vanquished Creatures (collateral kills)
  A Killer Klown (Zot:5)
  2 electric golems (Zot:5)
  2 Orb Guardians (Zot:5)
  A moon troll (WizLab)
  Agnes (Elf:1)
  Gastronok (D:9)
  An iron dragon (Elf:1)
  A cacodemon (WizLab)
  An orc warlord (Orc:1)
  A very ugly thing (WizLab)
  A black draconian (Zot:1)
  A fire dragon (Elf:1)
  A naga warrior (Snake:2)
  An anaconda (Snake:1)
  An ogre mage (D:14)
  2 deep elf knights (Elf:1)
  An orange crystal statue (WizLab)
  2 sea snakes
  A deep elf mage (Elf:1)
  3 ugly things
  2 moths of wrath (Zot:5)
  A water nymph (Shoals:4)
  2 merfolk (Shoals:4)
  A snapping turtle (Shoals:4)
  A vampire (D:13)
  An ushabti (Crypt:3)
  2 vampire mosquitoes (D:14)
  An orc warrior (Orc:1)
  A centaur (D:14)
  An ogre (D:14)
  A bullfrog (D:10)
  A gnoll shaman (D:5)
  A mummy (Crypt:3)
  A demonic plant (WizLab)
43 creatures vanquished.

Vanquished Creatures (others)
  A ghost moth (Depths:4)
  2 stone giants (Depths:3)
  A yaktaur captain (Depths:5)
  A centaur warrior (Depths:3)
  An unseen horror (D:10)
  A deep elf archer (Elf:1)
  A black mamba (Snake:2)
  A yaktaur (Depths:2)
  A swamp drake (Depths:5)
  2 ogres (Vaults:3)
  A slave (D:9)
  2 boggarts (Depths:2)
  A big kobold (shapeshifter) (Vaults:4)
  An orc wizard (Elf:1)
  2 orc priests (Elf:1)
  4 orcs
  A kobold (D:9)
  A crawling corpse (Elf:1)
  2 demonic plants (WizLab)
  27 fungi
  25 plants
  7 starspawn tentacles (WizLab)
  14 withered plants (Crypt:3)
100 creatures vanquished.

Grand Total: 2714 creatures vanquished

Notes
Turn   | Place    | Note
-------+----------+-------------------------------------------
     0 | D:1      | Xantor the Demonspawn Fighter began the quest for the Orb.
     0 | D:1      | Reached XP level 1. HP: 18/18 MP: 1/1
    96 | D:1      | Gained mutation: You are immune to rotting. [demonic
                  | ancestry]
    96 | D:1      | Reached XP level 2. HP: 20/24 MP: 2/2
   657 | D:2      | Reached XP level 3. HP: 29/29 MP: 3/3
   929 | D:2      | Found a radiant altar of Vehumet.
  1096 | D:2      | Noticed Robin
  1105 | D:2      | Reached XP level 4. HP: 26/35 MP: 4/4
  1154 | D:2      | Killed Robin
  1736 | D:3      | Noticed Grinder
  1756 | D:2      | Killed Grinder
  1756 | D:2      | Reached XP level 5. HP: 17/41 MP: 5/5
  1756 | D:2      | Gained mutation: When hurt, damage is shared between your
                  | health and your magic reserves. [demonic ancestry]
  1756 | D:2      | Reached XP level 6. HP: 20/47 MP: 6/6
  2788 | D:4      | Found a glowing silver altar of Zin.
  3504 | D:4      | Gained mutation: Your movements are slightly less
                  | encumbered by armour. (ER -2) [demonic ancestry]
  3504 | D:4      | Reached XP level 7. HP: 44/52 MP: 7/7
  3793 | D:5      | Entered Level 5 of the Dungeon
  4029 | D:5      | Found Duraix's Food Shop.
  4095 | D:5      | Found a transporter.
  4097 | D:5      | Found a transporter.
  4097 | D:5      | Noticed a centaur warrior
  4133 | D:5      | Found a bloodstained altar of Trog.
  4196 | D:5      | Found a shadowy altar of Dithmenos.
  4259 | D:5      | Found a glowing golden altar of the Shining One.
  4259 | D:5      | Found a shimmering altar of Xom.
  4292 | D:5      | Found an opulent altar of Gozag.
  4304 | D:5      | Found a snail-covered altar of Cheibriados.
  4772 | D:6      | Found a staircase to the Ecumenical Temple.
  4829 | Temple   | Entered the Ecumenical Temple
  4917 | Temple   | Became a worshipper of Makhleb the Destroyer
  4977 | D:6      | Gained mutation: You have sharp toenails. [demonic
                  | ancestry]
  4977 | D:6      | Reached XP level 8. HP: 58/58 MP: 8/8
  5151 | D:6      | Noticed Blork the orc
  5161 | D:6      | Killed Blork the orc
  5446 | D:6      | Found a stormy altar of Qazlal.
  5630 | D:7      | Reached skill level 1 in Invocations
  5651 | D:7      | Found Jibekeez's Assorted Antiques.
  5659 | D:7      | Bought a fine ring mail for 207 gold pieces
  5669 | D:7      | Identified the +2 ring mail of Beogh's Envy {rPois MP-9
                  | Int+3 SInv} (You bought it in a shop on level 7 of the
                  | Dungeon)
  5685 | D:7      | Found a sacrificial altar of Ru.
  5831 | D:7      | Found a sacrificial altar of Ru.
  6056 | D:7      | Reached skill level 3 in Shields
  6098 | D:7      | Got an ebony dagger
  6101 | D:7      | Identified the +2 dagger of Karma {drain, +Inv Str+5 Int-3
                  | Stlth+} (You found it on level 7 of the Dungeon)
  6112 | D:7      | Reached * piety under Makhleb
  6245 | D:7      | Found an ornate altar of the Wu Jian Council.
  6289 | D:7      | Noticed a centaur warrior
  6305 | D:7      | Killed a centaur warrior
  6305 | D:7      | Reached skill level 5 in Shields
  6305 | D:7      | Reached skill level 5 in Invocations
  6305 | D:7      | Gained mutation: Your movements are less encumbered by
                  | armour. (ER -4) [demonic ancestry]
  6305 | D:7      | Reached XP level 9. HP: 42/63 MP: 0/13
  6678 | D:8      | Reached skill level 6 in Shields
  6682 | D:8      | Found a sand-covered staircase.
  6691 | Ossuary  | Entered an ossuary
  7165 | D:8      | Reached ** piety under Makhleb
  7237 | D:8      | Noticed Prince Ribbit
  7250 | D:8      | Killed Prince Ribbit
  7262 | D:8      | Reached skill level 7 in Shields
  7415 | D:8      | Noticed Psyche
  7427 | D:8      | Gained mutation: You may emit foul miasma when damaged in
                  | melee. [demonic ancestry]
  7427 | D:8      | Reached XP level 10. HP: 67/70 MP: 6/15
  7510 | D:7      | Bought a forked gold wand for 92 gold pieces
  7510 | D:7      | Bought a glowing ring mail for 161 gold pieces
  7701 | D:8      | Found a staircase to the Lair.
  7918 | D:8      | Learned a level 1 spell: Infusion
  8066 | Lair:1   | Entered Level 1 of the Lair of Beasts
  8155 | Lair:1   | Reached skill level 8 in Shields
  8155 | Lair:1   | Reached skill level 1 in Charms
  8600 | Lair:1   | Reached skill level 5 in Armour
  8610 | Lair:1   | Reached *** piety under Makhleb
  8730 | Lair:1   | Reached skill level 9 in Shields
  8854 | Lair:1   | Learned a level 3 spell: Regeneration
  9227 | Lair:1   | Gained mutation: You regenerate magic rapidly. [demonic
                  | ancestry]
  9227 | Lair:1   | Reached XP level 11. HP: 39/75 MP: 5/17
  9862 | Lair:2   | Found a staircase to the Snake Pit.
 10019 | Lair:2   | Reached skill level 1 in Stealth
 10127 | Lair:2   | Found a staircase to the Shoals.
 10825 | Lair:3   | Reached skill level 10 in Invocations
 10875 | Lair:3   | Reached skill level 1 in Necromancy
 11088 | Lair:3   | Reached skill level 1 in Spellcasting
 11106 | Lair:3   | Reached skill level 5 in Fighting
 11110 | Lair:3   | Reached **** piety under Makhleb
 11256 | Lair:3   | Noticed an eight-headed hydra
 11741 | Lair:3   | Killed an eight-headed hydra
 12302 | Lair:4   | Reached XP level 12. HP: 83/89 MP: 3/19
 13934 | Lair:5   | Noticed a death yak
 13947 | Lair:5   | Noticed a death yak
 13962 | Lair:4   | Killed a death yak
 13993 | Lair:5   | Noticed a death yak
 13993 | Lair:5   | Noticed a death yak
 13993 | Lair:5   | Noticed a death yak
 13993 | Lair:5   | Noticed a death yak
 14008 | Lair:4   | Killed a death yak
 14114 | Lair:4   | Killed a death yak
 14285 | Lair:4   | Killed a death yak
 14285 | Lair:4   | Reached skill level 5 in Necromancy
 14361 | Lair:4   | Killed a death yak
 14544 | Lair:5   | Found a staircase to the Slime Pits.
 14657 | Lair:5   | Reached skill level 1 in Dodging
 14876 | Lair:5   | Killed a death yak
 15240 | Lair:6   | Entered Level 6 of the Lair of Beasts
 15297 | Lair:6   | Noticed a catoblepas
 15376 | Lair:6   | Noticed a five-headed hydra
 15389 | Lair:6   | Killed a five-headed hydra
 15389 | Lair:6   | Reached skill level 10 in Long Blades
 16233 | Lair:6   | Gained mutation: You have razor-sharp toenails. [demonic
                  | ancestry]
 16233 | Lair:6   | Reached XP level 13. HP: 76/101 MP: 8/20
 16629 | Lair:6   | Noticed Nessos
 16672 | Lair:6   | Killed Nessos
 18749 | D:8      | Killed Psyche
 19281 | D:9      | Found a flagged portal.
 19301 | Bailey   | Entered a bailey
 19723 | Bailey   | Reached ***** piety under Makhleb
 19935 | Bailey   | Got a blackened executioner's axe
 20232 | D:9      | Noticed Pikel
 20246 | D:9      | Killed Pikel
 20246 | D:9      | Reached skill level 1 in Evocations
 20263 | D:9      | Identified the cursed +0 executioner's axe of Impermanence
                  | {chop, +Rage Int+2} (You found it in a bailey)
 20364 | D:9      | Noticed Gastronok
 20378 | D:9      | Noticed Joseph
 20382 | D:9      | Killed Gastronok
 20390 | D:9      | Killed Joseph
 20653 | D:9      | Noticed Erolcha
 20683 | D:9      | Killed Erolcha
 20683 | D:9      | Reached skill level 10 in Fighting
 21067 | D:10     | Entered Level 10 of the Dungeon
 21144 | D:10     | Reached XP level 14. HP: 111/111 MP: 23/23
 21269 | D:10     | Noticed Grum
 21303 | D:10     | Killed Grum
 21389 | D:10     | Noticed Nergalle
 21425 | D:10     | Killed Nergalle
 21666 | D:10     | Reached XP level 15. HP: 119/119 MP: 24/24
 22651 | D:11     | Found the amulet of Vitality {Regen+ HP+15}
 22853 | D:12     | Found Hafry's Jewellery Boutique.
 22855 | D:12     | Bought the ring of Qulir {rElec rC+ rCorr Dex+2 Stlth-} for
                  | 613 gold pieces
 23253 | D:12     | Found a staircase to the Orcish Mines.
 23924 | D:13     | Reached ****** piety under Makhleb
 23994 | D:13     | Found a gate to the Vaults.
 24159 | D:12     | Reached skill level 5 in Evocations
 25793 | D:14     | Noticed Frances
 25807 | D:14     | Killed Frances
 26082 | D:14     | Reached XP level 16. HP: 84/131 MP: 17/26
 26379 | D:14     | Identified Roxanne's Disquisition on Shape Shifting
 26379 | D:14     | Noticed Roxanne
 26441 | D:14     | Identified a scroll of acquirement
 27197 | Snake:1  | Entered Level 1 of the Snake Pit
 27497 | Snake:1  | Got a scorched plate armour
 27508 | Snake:1  | Identified the +2 plate armour of Beogh's Hatred {rF+ MR+
                  | Str-4 Int+5} (You found it on level 1 of the Snake Pit)
 28097 | Snake:1  | Reached skill level 15 in Fighting
 28614 | Snake:2  | Noticed Jorgrun
 28839 | Snake:2  | Found Hauqoqes's Gadget Boutique.
 28847 | Snake:2  | Found Qaxkaur's Assorted Antiques.
 28848 | Snake:2  | Found Bocienwu's Food Boutique.
 28850 | Snake:2  | Found Soyfuoth's Weapon Boutique.
 28883 | Snake:2  | Reached skill level 10 in Shields
 28962 | Snake:2  | Bought a lightning rod (4/4) for 720 gold pieces
 28962 | Snake:2  | Bought a wand of iceblast (14) for 324 gold pieces
 28962 | Snake:2  | Bought a wand of iceblast (6) for 180 gold pieces
 29650 | Snake:2  | Noticed Aizul
 29666 | Snake:2  | Killed Aizul
 29917 | Snake:2  | Killed Jorgrun
 29917 | Snake:2  | Reached skill level 15 in Invocations
 30039 | Snake:2  | Reached skill level 11 in Shields
 30441 | Snake:3  | Upgraded the game from 0.24.0-3-g28a8eb0610 to
                  | 0.24.0-7-gb3623d2c88
 31377 | Snake:3  | Reached XP level 17. HP: 142/142 MP: 24/28
 31502 | Snake:4  | Entered Level 4 of the Snake Pit
 31557 | Snake:4  | Reached skill level 12 in Shields
 31635 | Snake:4  | Found a shimmering altar of Xom.
 31689 | Snake:4  | Noticed Asterion
 31707 | Snake:4  | Killed Asterion
 32753 | Snake:4  | Reached skill level 13 in Shields
 34005 | Snake:4  | Got a serpentine rune of Zot
 34174 | Shoals:1 | Entered Level 1 of the Shoals
 34322 | Shoals:1 | Reached skill level 14 in Shields
 35968 | Shoals:3 | Gained mutation: When low on magic, you restore magic in
                  | place of health. [demonic ancestry]
 35968 | Shoals:3 | Reached XP level 18. HP: 149/149 MP: 28/30
 36654 | Shoals:4 | Entered Level 4 of the Shoals
 36866 | Shoals:4 | Reached skill level 15 in Shields
 37603 | Shoals:4 | Reached skill level 10 in Evocations
 37707 | Shoals:4 | Got a barnacled rune of Zot
 37869 | Shoals:4 | Found a radiant altar of Vehumet.
 38415 | Slime:1  | Entered Level 1 of the Pits of Slime
 38430 | Slime:1  | Reached skill level 5 in Dodging
 38477 | Slime:1  | Reached skill level 16 in Shields
 38504 | Slime:1  | Gained mutation: Your spells are a little easier to cast,
                  | but a little less powerful. [a shining eye]
 38506 | Slime:1  | Gained mutation: Armour fits poorly on your strangely
                  | shaped body. [a shining eye]
 38664 | Lair:5   | Lost mutation: Your spells are a little easier to cast, but
                  | a little less powerful. [potion of mutation]
 38664 | Lair:5   | Lost mutation: Armour fits poorly on your strangely shaped
                  | body. [potion of mutation]
 38664 | Lair:5   | Gained mutation: You have supernaturally acute eyesight.
                  | (SInv) [potion of mutation]
 38664 | Lair:5   | Gained mutation: Armour fits poorly on your strangely
                  | shaped body. [potion of mutation]
 38664 | Lair:5   | Gained mutation: You are resistant to electric shocks.
                  | (rElec) [potion of mutation]
 40631 | Slime:3  | Gained mutation: Your movements are significantly less
                  | encumbered by armour. (ER -6) [demonic ancestry]
 40631 | Slime:3  | Reached XP level 19. HP: 155/155 MP: 31/31
 40633 | Slime:3  | Gained mutation: You are frail. (-10% HP) [a shining eye]
 40718 | Slime:3  | Paralysed by a floating eye for 3 turns
 40747 | Slime:3  | Gained mutation: Your muscles are strong. (Str +2) [a
                  | shining eye]
 41057 | Slime:3  | Lost mutation: Your muscles are strong. (Str +2) [potion of
                  | mutation]
 41057 | Slime:3  | Lost mutation: You are frail. (-10% HP) [potion of
                  | mutation]
 41057 | Slime:3  | Lost mutation: Armour fits poorly on your strangely shaped
                  | body. [potion of mutation]
 41057 | Slime:3  | Lost mutation: You are resistant to electric shocks.
                  | (rElec) [potion of mutation]
 41057 | Slime:3  | Gained mutation: You are resistant to hostile enchantments.
                  | (MR+) [potion of mutation]
 41057 | Slime:3  | Gained mutation: Your magical capacity is low. (-10% MP)
                  | [potion of mutation]
 41057 | Slime:3  | Gained mutation: Your spells are a little harder to cast,
                  | but a little more powerful. [potion of mutation]
 41070 | Slime:4  | Reached skill level 17 in Shields
 41456 | Orc:1    | Entered Level 1 of the Orcish Mines
 41825 | Orc:2    | Entered Level 2 of the Orcish Mines
 41860 | Orc:1    | HP: 8/170 [orc warlord/+3 great mace of holy wrath (19)]
 42160 | Orc:2    | Found a roughly hewn altar of Beogh.
 42160 | Orc:2    | Noticed Urug
 42174 | Orc:2    | Killed Urug
 42233 | Orc:2    | Found Usmyp's Antique Weapon Shoppe.
 42311 | Orc:2    | Found Poonim's Antique Armour Shoppe.
 42343 | Orc:2    | Found a roughly hewn altar of Beogh.
 42479 | Orc:2    | Found Gassomouw's General Store.
 42486 | Orc:2    | Bought a potion of might for 60 gold pieces
 42506 | Orc:2    | Found Qemueneora's Book Shoppe.
 42529 | Orc:2    | Bought an embroidered cloak for 180 gold pieces
 42529 | Orc:2    | Bought a runed plate armour for 624 gold pieces
 42905 | Orc:2    | Found Ugiwimef's Weapon Boutique.
 42944 | Orc:2    | Found a staircase to the Elven Halls.
 43134 | D:15     | Entered Level 15 of the Dungeon
 43160 | D:15     | Found a staircase to the Depths.
 43227 | D:15     | Found a shattered altar of Ashenzari.
 43872 | D:14     | Killed Roxanne
 44531 | Elf:1    | Entered Level 1 of the Elven Halls
 44590 | Elf:1    | Noticed Agnes
 44665 | Vaults:1 | Entered Level 1 of the Vaults
 44961 | Vaults:1 | Found a magical portal.
 45083 | WizLab   | Paralysed by accursed screaming for 1 turns
 45336 | WizLab   | Reached skill level 10 in Armour
 45683 | WizLab   | Found a transporter.
 45808 | WizLab   | Identified the ring "Ziab" {rN+ MR++ EV+2}
 46047 | WizLab   | Gained mutation: You have claws for feet. [demonic
                  | ancestry]
 46047 | WizLab   | Reached XP level 20. HP: 112/162 MP: 17/29
 46155 | WizLab   | Found a transporter.
 46423 | WizLab   | Reached skill level 18 in Shields
 46954 | Vaults:1 | Found Uskaq's Antique Weapon Boutique.
 47856 | Vaults:2 | Got a faintly glowing scimitar
 47857 | Vaults:2 | Identified the +7 scimitar of Absolution {freeze, *Corrode
                  | rC++ rN+ Int+4} (You found it on level 2 of the Vaults)
 49963 | Vaults:3 | Found a staircase to the Crypt.
 50028 | Vaults:3 | Gained mutation: You are robust. (+10% HP) [demonic
                  | ancestry]
 50028 | Vaults:3 | Reached XP level 21. HP: 177/184 MP: 27/30
 50491 | Vaults:3 | Reached skill level 19 in Shields
 50544 | Vaults:3 | Reached skill level 10 in Dodging
 52425 | Vaults:5 | Entered Level 5 of the Vaults
 52742 | Elf:1    | Identified the -5 large shield of the Comet {rElec rN+
                  | Str-5 Dex+6}
 52742 | Elf:1    | Noticed Louise
 52753 | Elf:1    | Killed Louise
 53205 | Elf:1    | Found a runed translucent gate.
 53205 | Elf:1    | Found a runed translucent gate.
 53205 | Elf:1    | Found a runed translucent gate.
 53205 | Elf:1    | Found a runed translucent gate.
 53205 | Elf:1    | Found a runed translucent gate.
 53209 | Elf:1    | Reached XP level 22. HP: 192/192 MP: 31/31
 53210 | Elf:1    | Found a runed translucent gate.
 53429 | Elf:1    | Killed Agnes
 53655 | Elf:2    | Found Myitog's Book Shop.
 53813 | Elf:2    | Found Acoapn's Food Shop.
 53859 | Elf:2    | Found Bomekoij's Magic Scroll Emporium.
 53873 | Elf:2    | Bought 2 scrolls of fear for 70 gold pieces
 53873 | Elf:2    | Bought a scroll of silence for 75 gold pieces
 53873 | Elf:2    | Bought a scroll of teleportation for 30 gold pieces
 53873 | Elf:2    | Bought a scroll of blinking for 75 gold pieces
 54045 | Elf:2    | Found a runed translucent gate.
 54045 | Elf:2    | Found a runed translucent gate.
 54045 | Elf:2    | Found a runed translucent gate.
 54054 | Elf:2    | Found Quar's Food Boutique.
 54227 | Elf:3    | Entered Level 3 of the Elven Halls
 54823 | Elf:3    | Identified the +9 quarterstaff of Areob {crush, rN+ Dex+6
                  | Stlth+}
 54945 | Elf:3    | Identified the Collected Works on Supportive Confrontation
 55048 | Elf:3    | Reached skill level 20 in Shields
 55096 | Elf:3    | Identified Dutiutt's Volume of Congealing Curses
 55328 | Elf:3    | Found Efeynkyl's Weapon Boutique.
 55838 | Elf:2    | Reached skill level 15 in Long Blades
 56655 | Slime:5  | Entered Level 5 of the Pits of Slime
 56716 | Slime:5  | Gained mutation: You occasionally shout uncontrollably at
                  | your foes. [a shining eye]
 56871 | Slime:5  | Reached XP level 23. HP: 199/199 MP: 17/31
 56924 | Slime:5  | Noticed the Royal Jelly
 56939 | Slime:5  | Killed the Royal Jelly
 57321 | Slime:5  | Got a wavering marble ring
 57323 | Slime:5  | Identified the ring of Levity {+Inv rC+ Str+3} (You found
                  | it on level 5 of the Pits of Slime)
 57353 | Slime:5  | Got a slimy rune of Zot
 57367 | Slime:5  | Identified the +4 plate armour "Resucam" {rC+ Dex+3} (You
                  | found it on level 5 of the Pits of Slime)
 57465 | Slime:5  | Got a twitching bronze ring
 57467 | Slime:5  | Identified the ring of Immorality {AC+2 Str+4} (You found
                  | it on level 5 of the Pits of Slime)
 57545 | Slime:5  | Gained mutation: You tend to lose your temper in combat. [a
                  | shining eye]
 58568 | Vaults:4 | Lost mutation: You occasionally shout uncontrollably at
                  | your foes. [potion of mutation]
 58568 | Vaults:4 | Lost mutation: Your spells are a little harder to cast, but
                  | a little more powerful. [potion of mutation]
 58568 | Vaults:4 | Lost mutation: You have supernaturally acute eyesight.
                  | (SInv) [potion of mutation]
 58568 | Vaults:4 | Lost mutation: You tend to lose your temper in combat.
                  | [potion of mutation]
 58568 | Vaults:4 | Gained mutation: Scrolls take you a little longer to read.
                  | [potion of mutation]
 58568 | Vaults:4 | Lost mutation: Your magical capacity is low. (-10% MP)
                  | [potion of mutation]
 58568 | Vaults:4 | Gained mutation: You are agile. (Dex +2) [potion of
                  | mutation]
 58568 | Vaults:4 | Gained mutation: Your flesh is heat resistant. (rF+)
                  | [potion of mutation]
 58841 | Vaults:5 | Noticed an ancient lich
 58904 | Vaults:4 | Killed an ancient lich
 60115 | Vaults:5 | Reached skill level 21 in Shields
 60117 | Vaults:5 | Reached skill level 15 in Armour
 60117 | Vaults:5 | Reached XP level 24. HP: 210/210 MP: 32/35
 60133 | Vaults:5 | Found Gygysou's Food Emporium.
 60152 | Vaults:5 | Found Isopeq's Distillery.
 60174 | Vaults:5 | Bought a potion of agility for 68 gold pieces
 60174 | Vaults:5 | Bought a potion of ambrosia for 136 gold pieces
 60174 | Vaults:5 | Bought a potion of curing for 51 gold pieces
 60174 | Vaults:5 | Bought a potion of invisibility for 136 gold pieces
 60174 | Vaults:5 | Bought a potion of heal wounds for 85 gold pieces
 60174 | Vaults:5 | Bought a potion of might for 68 gold pieces
 60174 | Vaults:5 | Bought a potion of ambrosia for 136 gold pieces
 60217 | Vaults:5 | Found Luytitz's Distillery.
 60223 | Vaults:5 | Bought 2 potions of might for 104 gold pieces
 60223 | Vaults:5 | Bought a potion of curing for 39 gold pieces
 60223 | Vaults:5 | Bought a potion of mutation for 104 gold pieces
 60223 | Vaults:5 | Bought a potion of curing for 39 gold pieces
 60223 | Vaults:5 | Bought a potion of ambrosia for 104 gold pieces
 60223 | Vaults:5 | Bought a potion of curing for 39 gold pieces
 60223 | Vaults:5 | Bought a potion of flight for 39 gold pieces
 60223 | Vaults:5 | Bought a potion of curing for 39 gold pieces
 60298 | Vaults:5 | Noticed an ancient lich
 60311 | Vaults:5 | Killed an ancient lich
 60598 | Vaults:5 | Got a silver rune of Zot
 60645 | Vaults:5 | Identified the Reference Book on Evil Rites
 60714 | Vaults:5 | Identified the +1 robe "Savegue" {rF+++ rCorr Int-4 SInv}
 60805 | Vaults:5 | Identified the Disquisition on the Entrancing Blaze
 60983 | Vaults:5 | Cast into level 3 of the Abyss (tengu reaver)
 60989 | Abyss:3  | Found an ancient bone altar of Kikubaaqudgha.
 61048 | Vaults:5 | Escaped the Abyss
 61351 | Crypt:1  | Entered Level 1 of the Crypt
 61860 | Crypt:1  | Reached skill level 22 in Shields
 61998 | Crypt:1  | Reached skill level 5 in Charms
 63043 | Crypt:2  | Noticed Bai Suzhen
 63070 | Crypt:2  | Killed Bai Suzhen
 63167 | Crypt:3  | Entered Level 3 of the Crypt
 63977 | Crypt:3  | Reached skill level 23 in Shields
 64530 | Crypt:3  | Found a staircase to the Tomb.
 64825 | Crypt:3  | Found an ancient bone altar of Kikubaaqudgha.
 65031 | Crypt:3  | Found the +7 sceptre of Torment {pain, torment}
 65041 | Crypt:3  | Identified the +3 great mace of Putrescence {flame, Dex+6}
 65041 | Crypt:3  | Noticed an ancient lich
 65047 | Crypt:3  | Noticed an ancient lich
 65059 | Crypt:3  | Killed an ancient lich
 65059 | Crypt:3  | Gained mutation: You frequently emit foul miasma when
                  | damaged in melee. [demonic ancestry]
 65059 | Crypt:3  | Reached XP level 25. HP: 218/218 MP: 28/35
 65081 | Crypt:3  | Killed an ancient lich
 65100 | Crypt:3  | Got a faintly humming plate armour
 65111 | Crypt:3  | Identified the +0 plate armour of Idealism {Str+3} (You
                  | found it on level 3 of the Crypt)
 65130 | Crypt:3  | Got a pair of bloodstained gloves
 65141 | Crypt:3  | Identified the +0 pair of gloves of the Hidden Vale {rF++
                  | Regen+ rCorr} (You found it on level 3 of the Crypt)
 65353 | Crypt:3  | Reached skill level 10 in Necromancy
 65435 | Crypt:3  | Got an ichor-stained shield
 65446 | Crypt:3  | Identified the +5 shield of Nugrir {rC+} (You acquired it
                  | on level 3 of the Crypt)
 65984 | Depths:1 | Entered Level 1 of the Depths
 66005 | Depths:1 | Found a gateway to a ziggurat.
 66757 | Depths:1 | Found a gateway to Hell.
 67183 | Depths:2 | Found Gint's Jewellery Emporium.
 67488 | Depths:2 | Reached skill level 24 in Shields
 67533 | Depths:2 | Reached skill level 5 in Spellcasting
 67630 | Depths:2 | Noticed Nikola
 67943 | Depths:2 | Killed Nikola
 68276 | Depths:2 | Found Farah's Gadget Shop.
 68276 | Depths:2 | Found Gessug's Jewellery Shoppe.
 68278 | Depths:2 | Found Oxke's Jewellery Shoppe.
 68285 | Depths:2 | Bought a wand of acid (7) for 264 gold pieces
 68285 | Depths:2 | Bought a wand of paralysis (9) for 132 gold pieces
 68285 | Depths:2 | Bought a sack of spiders for 240 gold pieces
 68285 | Depths:2 | Bought a wand of digging (6) for 240 gold pieces
 68285 | Depths:2 | Bought a box of beasts for 240 gold pieces
 68285 | Depths:2 | Bought a wand of scattershot (5) for 324 gold pieces
 68285 | Depths:2 | Bought a wand of paralysis (11) for 156 gold pieces
 68291 | Depths:2 | Bought the amulet "Wuihif" {Reflect rN+ MR+ SH+2 SInv} for
                  | 456 gold pieces
 68426 | Depths:3 | Learned a level 3 spell: Vampiric Draining
 68473 | Depths:3 | Found a one-way gate leading to the halls of Pandemonium.
 69015 | Depths:3 | Reached skill level 25 in Shields
 69535 | Depths:3 | Gained mutation: You are very robust. (+20% HP) [demonic
                  | ancestry]
 69535 | Depths:3 | Reached XP level 26. HP: 218/247 MP: 34/35
 69585 | Depths:3 | Found Wableisa's Jewellery Emporium.
 70409 | Depths:4 | Identified the ring of Figgof {rC+ Str+2} (You found it on
                  | level 4 of the Depths)
 70568 | Depths:4 | Found a one-way gate to the infinite horrors of the Abyss.
 70691 | Depths:5 | Entered Level 5 of the Depths
 71776 | Depths:5 | Identified the +7 broad axe of Rinuor {venom, Str+4}
 71880 | Depths:5 | Reached skill level 15 in Dodging
 71913 | Depths:5 | Found a gate to the Realm of Zot.
 72192 | Depths:5 | Noticed Frederick
 72203 | Depths:5 | Killed Frederick
 72629 | Zot:1    | Entered Level 1 of the Realm of Zot
 73065 | Zot:2    | Gained mutation: You are extremely robust. (+30% HP)
                  | [demonic ancestry]
 73065 | Zot:2    | Reached XP level 27. HP: 252/280 MP: 35/35
 73393 | Zot:3    | Reached skill level 15 in Evocations
 73467 | Zot:3    | Noticed an orb of fire
 73473 | Zot:3    | Gained mutation: Your magical capacity is low. (-10% MP)
                  | [an orb of fire]
 73479 | Zot:3    | Gained mutation: Scrolls take you longer to read. [an orb
                  | of fire]
 73512 | Zot:3    | Killed an orb of fire
 75290 | Zot:3    | Found a runed translucent door.
 75291 | Zot:3    | Noticed Flapstick's ghost (legendary HaBe)
 75407 | Zot:3    | Killed Flapstick's ghost
 75950 | Zot:2    | Noticed an orb of fire
 75961 | Zot:2    | Gained mutation: Potions are less effective at restoring
                  | your health. [an orb of fire]
 75965 | Zot:2    | Gained mutation: Your magical capacity is very low. (-20%
                  | MP) [an orb of fire]
 75970 | Zot:2    | Killed an orb of fire
 75998 | Zot:2    | Lost mutation: Scrolls take you longer to read. [potion of
                  | mutation]
 75998 | Zot:2    | Lost mutation: Potions are less effective at restoring your
                  | health. [potion of mutation]
 75998 | Zot:2    | Lost mutation: Your magical capacity is very low. (-20% MP)
                  | [potion of mutation]
 75998 | Zot:2    | Lost mutation: Your magical capacity is low. (-10% MP)
                  | [potion of mutation]
 75998 | Zot:2    | Gained mutation: You possess an exceptional clarity of
                  | mind. [potion of mutation]
 75998 | Zot:2    | Gained mutation: Your system is resistant to poisons.
                  | (rPois) [potion of mutation]
 77831 | Zot:5    | Entered Level 5 of the Realm of Zot
 78176 | Zot:5    | Noticed an ancient lich
 78191 | Zot:5    | Killed an ancient lich
 78303 | Zot:5    | Noticed an orb of fire
 78314 | Zot:5    | Lost mutation: Scrolls take you a little longer to read.
                  | [an orb of fire]
 78330 | Zot:5    | Killed an orb of fire
 78339 | Zot:5    | Noticed an orb of fire
 78373 | Zot:5    | Gained mutation: You occasionally shout uncontrollably at
                  | your foes. [an orb of fire]
 78391 | Zot:5    | Killed an orb of fire
 78652 | Zot:5    | Noticed an orb of fire
 78652 | Zot:5    | Gained mutation: Your body sometimes deteriorates upon
                  | taking damage. [an orb of fire]
 78657 | Zot:5    | Lost mutation: You possess an exceptional clarity of mind.
                  | [an orb of fire]
 78657 | Zot:5    | Noticed an orb of fire
 78657 | Zot:5    | Noticed an ancient lich
 78658 | Zot:5    | Noticed an orb of fire
 78667 | Zot:5    | Gained mutation: Your body often deteriorates upon taking
                  | damage. [an orb of fire]
 78668 | Zot:5    | Gained mutation: Your spells are a little easier to cast,
                  | but a little less powerful. [an orb of fire]
 78694 | Zot:5    | Gained mutation: You are weak. (Str -2) [an orb of fire]
 78701 | Zot:5    | Killed an orb of fire
 78707 | Zot:5    | Gained mutation: You tend to lose your temper in combat.
                  | [an orb of fire]
 78709 | Zot:5    | Killed an orb of fire
 78717 | Zot:5    | Gained mutation: You are dopey. (Int -2) [an orb of fire]
 78719 | Zot:5    | Lost mutation: You tend to lose your temper in combat. [an
                  | orb of fire]
 78720 | Zot:5    | Killed an orb of fire
 78726 | Zot:5    | Killed an ancient lich
 79060 | Zot:5    | Lost mutation: You are agile. (Dex +2) [potion of mutation]
 79060 | Zot:5    | Lost mutation: Your flesh is heat resistant. (rF+) [potion
                  | of mutation]
 79060 | Zot:5    | Lost mutation: You are resistant to hostile enchantments.
                  | (MR+) [potion of mutation]
 79060 | Zot:5    | Gained mutation: You tend to lose your temper in combat.
                  | [potion of mutation]
 79060 | Zot:5    | Gained mutation: You have a pair of small antennae on your
                  | head. [potion of mutation]
 79061 | Zot:5    | Lost mutation: You occasionally shout uncontrollably at
                  | your foes. [potion of mutation]
 79061 | Zot:5    | Lost mutation: You are dopey. (Int -2) [potion of mutation]
 79061 | Zot:5    | Lost mutation: You tend to lose your temper in combat.
                  | [potion of mutation]
 79061 | Zot:5    | Lost mutation: Your spells are a little easier to cast, but
                  | a little less powerful. [potion of mutation]
 79061 | Zot:5    | Lost mutation: You are weak. (Str -2) [potion of mutation]
 79061 | Zot:5    | Gained mutation: You have an increased reservoir of magic.
                  | (+10% MP) [potion of mutation]
 79061 | Zot:5    | Gained mutation: You are agile. (Dex +2) [potion of
                  | mutation]
 79142 | Zot:5    | Noticed an ancient lich
 79178 | Zot:5    | Killed an ancient lich
 79184 | Zot:5    | Noticed an ancient lich
 79234 | Zot:5    | Killed an ancient lich
 79427 | Zot:5    | Got the Orb of Zot
 79740 | Depths:2 | Noticed Fijoheca the pandemonium lord
 79750 | Depths:2 | Killed Fijoheca the pandemonium lord
 80123 | D:$      | Escaped with the Orb!

Levels and vault maps discovered:
D:1:      giann_wishing_wells, layout_basic
D:2:      layout_loops_corners, old_standard_altar, hangedman_glass_teeth,
          kennysheep_boxes, uniq_robin
D:3:      layout_basic, first_ration, uniq_grinder
D:4:      layout_cave_pods, overflow_temple_1_default
D:5:      layout_loops_ring, gammafunk_temple_overflow_pools,
          kennysheep_slug_shrine, gammafunk_temple_overflow_arena, basic_altar,
          serial_shops, shop, kennysheep_generic_room_15
D:6:      layout_loops_ring, overflow_temple_1_default,
          minmay_temple_entry_mist, serial_park_tiny_2, minivault_24,
          uniq_blork_the_orc
D:7:      layout_rooms, lemuel_doored_altar, old_standard_altar, basic_altar,
          serial_shops, nicolae_shop_crystal, kennysheep_pointless_box,
          minmay_three_doors
D:8:      layout_rooms, due_lair_maze_entry_diamond, enter_ossuary_3,
          uniq_prince_ribbit1, uniq_psyche
D:9:      layout_rooms, enter_bailey_6, minmay_statue_bubble, uniq_joseph,
          uniq_gastronok, uniq_pikel, uniq_erolcha
D:10:     minmay_the_grid_3x3 [minmay_the_grid_odd_star,
          minmay_the_grid_medium_cups, minmay_the_grid_spin_star,
          minmay_the_grid_outer_circle, minmay_the_grid_broken_lines,
          minmay_the_grid_eight, minmay_the_grid_slots, minmay_the_grid_expand,
          minmay_the_grid_prize_big_room], layout_loops_ring, uniq_nergalle,
          uniq_grum
D:11:     layout_rooms
D:12:     layout_long_grid, orc_0_dummy, serial_shops, shop
D:13:     layout_irregular_city, lightli_vaults_fourway_checkpoint,
          hangedman_ranch [blue_anna_fruit_fields], minmay_misc_feat_alley,
          hangedman_decor_slide_cut
D:14:     layout_irregular_city, minmay_misc_feat_tiny, minmay_misc_feat_tower,
          uniq_frances, uniq_roxanne
D:15:     grunt_enter_depths_snipers, layout_small_grid,
          nicolae_twisting_strands, evilmike_ruin_ashenzari
Temple:   nicolae_temple_hex_pool
Lair:1:   layout_regular_city, serial_bayou_shore_b
Lair:2:   layout_loops_ring, minmay_shoals_entry_beasts,
          minmay_snake_entry_guardpost_small
Lair:3:   layout_gridlike
Lair:4:   layout_loops_ring, st_stairs_3
Lair:5:   layout_regular_city, dpeg_slime_entry_corner
Lair:6:   evilmike_catoblepas_cave, layout_cave_pods, eino_house_with_fridge,
          uniq_nessos
Shoals:1: layout_shoals, nicolae_shoals_wave_tunnel
Shoals:2: layout_shoals
Shoals:3: layout_shoals
Shoals:4: shoals_end_grunt_ice, layout_shoals, lemuel_altar_in_water2
Snake:1:  layout_chambers
Snake:2:  layout_chambers, minmay_shop_grid_forest, grunt_ministairs_9,
          hangedman_snake_pattern, uniq_jorgrun, uniq_aizul
Snake:3:  layout_misc_corridors, serial_bayou_crossing
Snake:4:  grunt_snake_rune_pools, layout_cave_town, basic_altar,
          serial_bayou_shore_a, uniq_asterion
Slime:1:  layout_caves
Slime:2:  layout_caves
Slime:3:  layout_caves
Slime:4:  layout_caves, nicolae_slime_welcoming_committee
Slime:5
Orc:1:    layout_caves
Orc:2:    grunt_orc_cross, layout_caves, serial_shops, shop, basic_altar
Elf:1:    elf_arrival_001, layout_loops_cross, orc_legates, minivault_20,
          st_stairs_12, drop_trap, uniq_agnes, uniq_louise
Elf:2:    layout_gridlike, serial_shops, shop_fountains, shop,
          nicolae_shop_statue_plus, nicolae_shop_stone
Elf:3:    minmay_elf_hall, layout_rooms, serial_shops,
          nicolae_shop_behind_doors, minivault_23
Vaults:1: vaults_room_pool, vaults_room_door_ring, v_misc_11, v_misc_10,
          nicolae_vaults_circle_grid_b, v_misc_1, st_lines, v_misc_10,
          vaults_mumra_lcd, vaults_room_ringed_pool, ontoclasm_vaults_chip,
          vaults_room_grunt_arrival_checkpoint,
          hangedman_vaults_stretched_pinwheel, nicolae_vaults_little_squares_4,
          layout_vaults_omnibox, infiniplex_enter_wizlab_water, serial_shops,
          shop
Vaults:2: hangedman_vaults_corner, nicolae_vaults_big_ls, v_misc_13, st_cross,
          v_alt_pattern_2, vaults_room_corners, nicolae_vaults_little_squares_1,
          vaults_room_grunt_arrival_ludios, dpeg_vaults_monster_box,
          layout_vaults_maze
Vaults:3: minmay_crypt_entry_simple_sparse, v_alt_pattern_5,
          grunt_vaults_funnel, vaults_room_hangedman_quadrants,
          vaults_dpeg_cross, vaults_dpeg_encased_lava, vaults_room_pools,
          ontoclasm_vaults_loading_screen, layout_vaults_omnigrid
Vaults:4: v_misc_33, ontoclasm_vaults_fault, nicolae_vaults_octagons, v_misc_22,
          nicolae_vaults_sealed_display, vaults_mumra_hexcomb,
          hangedman_vaults_maws, vaults_standard_mumra_x, vaults_room_fours,
          nicolae_vaults_specimen_jars, grunt_vaults_diagonal,
          nicolae_vaults_back_hallway, nicolae_vaults_shelves_hall,
          layout_vaults_omnicross
Vaults:5
Crypt:1:  layout_gridlike, minigarden_bobbens
Crypt:2:  layout_rooms, grunt_megastairs_3, uniq_bai_suzhen
Crypt:3:  evilmike_haunted_forest
Depths:1: layout_roguey, enter_ziggurat_e, serial_sigils,
          serial_sigils_hangedman_gut, serial_sigils_hangedman_writhe,
          serial_sigils_hangedman_gnaw, serial_sigils_hangedman_snap,
          grunt_hell_entry_dis_grunt, wad_dig_loot
Depths:2: minmay_dotted_concentric_squares, layout_basic, serial_shops, shop,
          hell_entry, minivault_11, infiniplex_staircase_spiral,
          minmay_shop_grove, serial_bayou_shore_b, uniq_nikola
Depths:3: hourglass_vault, layout_gridlike, pan_entry, hell_entry,
          minmay_shop_star, serial_bayou_shore_b, infiniplex_staircase_trident
Depths:4: hangedman_crystal_crosses_colossus [crystal_crosses_arms_four,
          crystal_crosses_arms_four, crystal_crosses_arms_one,
          crystal_crosses_arms_one], pan_entry, abyss_entry, hell_entry
Depths:5: lemuel_castle_with_subvaults [lemuel_castle_interior_carwin_3],
          layout_basic, grunt_pan_entry_zigzag, hell_entry,
          grunt_decor_one_mirror, chequers_serial_rivers_room_b, drop_trap,
          minmay_misc_feat_enclosed, uniq_frederick
Zot:1:    layout_misc_corridors
Zot:2:    layout_misc_corridors
Zot:3:    layout_concentric_octagons, ebering_ghost_reflecting_pool
Zot:4:    layout_basic, grunt_ministairs_14
Zot:5:    layout_misc_corridors

Skill      XL: |  1  2  3  4  5  6  7  8  9 10 11 12 13 14 15 16 17 18 19 20 21 22 23 24 25 26 27 |
---------------+----------------------------------------------------------------------------------+-----
Long Blades    | 2 3 6 7 8 9 10 11 13 14 17 18 | 18.0
Armour         | 4 5 7 8 11 14 15 16 18 | 18.9
Invocations    | 5 7 9 10 12 13 15 17 | 17.1
Shields        | 5 7 9 11 14 16 17 18 19 20 21 23 25 | 25.0
Charms         | 3 4 7 |  7.0
Stealth        | 1 |  1.3
Fighting       | 6 9 10 11 13 15 16 17 20 | 20.5
Necromancy     | 3 5 6 9 10 | 10.0
Spellcasting   | 2 4 6 8 |  8.0
Dodging        | 2 4 6 8 12 14 15 18 | 18.2
Evocations     | 2 3 6 8 10 11 12 14 15 | 15.0

Action                   |  1- 3 |  4- 6 |  7- 9 | 10-12 | 13-15 | 16-18 | 19-21 | 22-24 | 25-27 || total
-------------------------+-------+-------+-------+-------+-------+-------+-------+-------+-------++-------
Melee: Long sword        |    79 |   164 |   386 |   706 |  1368 |    39 |       |       |       ||  2742
       Kick              |       |       |   102 |   276 |   650 |   769 |  1163 |  1238 |  1593 ||  5791
       Morningstar       |       |       |       |     6 |       |       |       |       |       ||     6
       Whip              |       |       |       |       |    18 |       |       |       |       ||    18
       Demon blade       |       |       |       |       |       |  1930 |  2426 |  2258 |  2942 ||  9556
Throw: Stone             |     2 |       |     5 |       |       |       |       |       |       ||     7
       Dart              |       |     2 |       |   112 |    68 |    52 |       |       |       ||   234
       Javelin           |       |       |    12 |       |       |       |       |       |       ||    12
       Throwing net      |       |       |       |       |       |       |     1 |     2 |       ||     3
 Cast: Infusion          |       |       |       |    38 |    19 |       |       |     6 |    12 ||    75
       Regeneration      |       |       |       |    15 |    14 |       |       |     6 |    15 ||    50
       Vampiric Draining |       |       |       |       |       |       |       |       |     2 ||     2
Invok: Minor Destruction |       |       |     1 |     7 |     6 |     7 |       |     5 |       ||    26
       Major Destruction |       |       |       |     4 |     5 |     8 |       |    32 |     4 ||    53
       Lesser Servant of |       |       |       |       |    20 |    19 |     2 |     4 |     2 ||    47
       Greater Servant o |       |       |       |       |       |     2 |     3 |     4 |    11 ||    20
Evoke: Wand              |       |       |       |     1 |       |       |       |       |     3 ||     4
       Lightning rod     |       |       |       |       |       |       |       |     1 |       ||     1
  Use: Scroll            |     2 |     8 |    11 |     8 |     7 |    16 |     7 |    13 |     8 ||    80
       Potion            |       |     2 |       |     4 |     5 |    13 |     2 |     5 |    11 ||    42
 Stab: Distracted        |       |       |       |       |       |     7 |       |     1 |     6 ||    14
       Paralysed         |       |       |       |       |       |       |     1 |       |       ||     1
       Held in net/web   |       |       |       |       |       |       |       |     2 |       ||     2
       Confused          |       |       |       |       |       |       |       |       |     4 ||     4
  Eat: Chunk             |     1 |     7 |    14 |    28 |    34 |    31 |    40 |    24 |    45 ||   224
       Ration            |       |       |       |     1 |     1 |     5 |     1 |     5 |     3 ||    16
Armor: Scale mail        |    32 |    43 |       |       |       |       |       |       |       ||    75
       Chain mail        |       |    23 |   108 |       |       |       |       |       |       ||   131
       Ring mail         |       |       |    70 |   263 |    71 |       |       |       |       ||   404
       Crystal plate arm |       |       |       |       |   764 |    14 |       |       |       ||   778
       Plate armour      |       |       |       |       |       |   617 |   473 |   488 |   566 ||  2144
Dodge: Dodged            |    15 |    33 |    96 |   211 |   395 |   362 |   576 |   764 |  1012 ||  3464
Block: Shield            |    46 |    82 |   167 |   370 |   658 |   351 |       |       |       ||  1674
       Large shield      |       |       |       |       |       |   841 |  2017 |  1924 |  2785 ||  7567
       Reflection        |       |       |       |       |       |       |       |       |    59 ||    59
       Rpst.: Long sword |     3 |    14 |    25 |    50 |   107 |     1 |       |       |       ||   200
       Demon blade       |       |       |       |       |       |    63 |   120 |   128 |   157 ||   468
